AoeStats
← GhostPants

Yucatan

510400770Analyzed
3v3 RM · 10h ago on Sep 30, 2026· 20m 47s· 6 players
Game mode
Random Map
Map size
Normal (6 player)
Population
200
Speed
Normal
Resources
Standard
Victory
Conquest
Starting age
Dark Age
Ending age
Imperial Age
RankedLock teamsTeams togetherTeam positionsShared explorationLock speedFull tech treeHidden civsTurbo modeCheats
Victory
Defeat
🇨🇾 Byzantines · Cyprus
1082
+17
🇨🇾 Spanish · Cyprus
1059
+18
🇨🇾 Franks · Cyprus
1047
+19
🇨🇴 Mongols · Colombia
1139
-19
🇺🇸 Saracens · United States
1120
-19
🇨🇴 Japanese · Colombia
1062
-16
Eagles
9:26 Loom
11:12 Feudal Age
14:38 Double-Bit Axe
16:56 Castle Age
DCB
2:15 Loom
11:10 Feudal Age
18:00 Castle Age
16:23 Scale Barding Armor
19:58 Horse Collar
briantorresr25
1:42 Loom
11:29 Feudal Age
17:33 Castle Age
15:54 Double-Bit Axe
16:59 Horse Collar
Polis
8:09 Loom
11:17 Feudal Age
18:10 Castle Age
16:31 Double-Bit Axe
19:39 Town Watch
GhostPants
3:12 Loom
4:04 Loom
11:37 Feudal Age
17:03 Castle Age
15:18 Double-Bit Axe
18:13 Bow Saw
19:56 Gold Mining
Freaky GHOSTMAN cY
11:24 Feudal Age
12:59 Double-Bit Axe
15:29 Horse Collar
18:21 Castle Age
17:31 Loom
21:48 Wheelbarrow
21:29 Bow Saw
Connection lost

Rejoining the realm…

Still unreachable

The connection could not be restored.

Session expired

The server has moved on; the page needs a fresh start.